 Dungeon Crawl Stone Soup version 0.23.1 (webtiles) character file.

Game seed: 4918230761147738824

7589 night the Slinger (level 11, -3/72 HPs)
             Began as a Halfling Hunter on Mar 16, 2019.
             Was a Follower of Uskayaw.
             Splashed by an orc warrior's acid (9 damage)
             ... on level 9 of the Dungeon.
             The game lasted 00:38:47 (11914 turns).

night the Slinger (Halfling Hunter)                Turns: 11914, Time: 00:38:48

Health: -3/72      AC: 10    Str: 16    XL:     11   Next: 40%
Magic:  11/11      EV: 12    Int: 15    God:    Uskayaw [*.....]
Gold:   168        SH:  0    Dex: 16    Spells: 10/10 levels left

rFire    . . .     SeeInvis .   b - +8 whip "Regemao" {venom, rF- rN+++ Int+6}
rCold    . . .     Gourm    .   (shield restricted)
rNeg     + + +     Faith    .   L - +2 scale mail {rF+}
rPois    .         Spirit   .   (no helmet)
rElec    .         Reflect  .   s - +0 cloak
rCorr    .         Harm     .   u - +0 pair of gloves
MR       +....                  (no boots)
Stlth    ..........             (no amulet)
HPRegen  0.22/turn              H - ring of wizardry
MPRegen  0.12/turn              x - ring of protection from magic

@: no status effects
A: small, mutation resistance 1
a: Stomp, Renounce Religion


You were on level 9 of the Dungeon.
You worshipped Uskayaw.
Uskayaw was noncommittal.
You were hungry.

You visited 2 branches of the dungeon, and saw 11 of its levels.

You collected 462 gold pieces.
You spent 294 gold pieces at shops.

Inventory:

Hand Weapons
 a - a +2 hunting sling
 b - the +8 whip "Regemao" (weapon) {venom, rF- rN+++ Int+6}
   (You took it off an orc on level 4 of the Dungeon)

   It poisons the flesh of those it strikes.
   It affects your intelligence (+6).
   It makes you vulnerable to fire.
   It renders you almost immune to negative energy.
 g - a +2 dagger of holy wrath
 w - a +0 rapier
 y - a +0 short sword
 B - a +1 whip of flaming
Missiles
 d - 42 sling bullets
 h - 309 stones (quivered)
 t - 4 throwing nets
Armour
 s - a +0 cloak (worn)
 u - a +0 pair of gloves (worn)
 G - a +2 ring mail of poison resistance
 L - a +2 scale mail of fire resistance (worn)
Jewellery
 p - an uncursed ring of flight
 x - a ring of protection from magic (right hand)
 E - an uncursed ring of protection from magic
 H - a ring of wizardry (left hand)
Wands
 r - a wand of flame (38)
 A - a wand of digging (9)
 I - a wand of polymorph (8)
 K - a wand of paralysis (7)
 N - a wand of enslavement (7)
Scrolls
 i - 9 scrolls of identify
 k - 3 scrolls of fog
 m - 2 scrolls of magic mapping
 q - 2 scrolls of amnesia
 v - 2 scrolls of teleportation
 C - 2 scrolls of remove curse
 D - a scroll of enchant armour {unknown}
 M - a scroll of vulnerability {unknown}
Potions
 c - 3 potions of mutation {unknown}
 e - 3 potions of cancellation {unknown}
 j - 4 potions of curing
 l - a potion of ambrosia {unknown}
 n - 3 potions of berserk rage {unknown}
 o - 4 potions of heal wounds
 z - 2 potions of degeneration {unknown}
 F - a potion of brilliance {unknown}
 J - a potion of might {unknown}
Comestibles
 f - 20 rations


   Skills:
 + Level 6.2 Fighting
 - Level 4.2 Short Blades
 * Level 11.8 Maces & Flails
 - Level 12.0 Slings
 - Level 2.1 Dodging
 - Level 1.1 Stealth


You had 10 spell levels left.
You didn't know any spells.
Your spell library contained the following spells:

 Spells                   Type           Power        Failure   Level  Hunger
 Animate Skeleton         Necr           N/A          38%         1    ##.....
 Beastly Appendage        Tmut           #.....       38%         1    ##.....
 Pain                     Necr           #...         38%         1    ##.....
 Sticks to Snakes         Tmut           #.......     50%         2    ###....
 Regeneration             Chrm/Necr      #.........   73%         3    ####...
 Spider Form              Tmut/Pois      #.........   73%         3    ####...
 Vampiric Draining        Necr           #.........   73%         3    ####...
 Animate Dead             Necr           N/A          98%         4    #####..
 Ice Form                 Ice/Tmut       #.......     98%         4    #####..
 Blade Hands              Tmut           #.........   100%        5    ######.


Dungeon Overview and Level Annotations

Branches:
Dungeon (10/15)            Temple (1/1) D:7            Lair (0/6) D:8
    Orc: D:9-12

Altars:
Ashenzari
Cheibriados
Dithmenos
Elyvilon
Fedhas
Gozag
Hepliaklqana
Kikubaaqudgha
Makhleb
Nemelex Xobeh
Okawaru
Qazlal
Ru
Sif Muna
Trog
Uskayaw
Vehumet
Wu Jian
Xom
Yredelemnul
Zin
The Shining One

Shops:
D:9 [

Annotations:
D:4 3 runed translucent doors, Borbor's ghost, novice MiBe; markt42's ghost, novice GrFi
D:7 2 transporters, esteth's ghost, novice GnWz
D:8 3 runed translucent doors, Kairos's ghost, novice VSFi
D:10 Urug


Innate Abilities, Weirdness & Mutations

You are small and have problems with some larger weapons.
You are somewhat resistant to further mutation.


Message History

Okay, then.
The orc wizard casts a spell.
The orc wizard seems to speed up.
There is a stone staircase leading up here.
You climb upwards.
There is a stone staircase leading down here.
The +8 whip "Regemao" {venom, rF- rN+++ Int+6} begins to drip with poison!
b - the +8 whip "Regemao" (weapon)
{venom, rF- rN+++ Int+6} You whack the orc warrior!
The orc warrior is poisoned.
The orc warrior is moderately wounded.
The orc warrior barely misses you.
You hit the orc warrior.
The orc warrior looks as sick as possible!
The orc warrior is moderately wounded.
You closely miss the orc warrior.
The orc warrior is moderately wounded.
The orc warrior zaps a wand.
The bolt of acid hits you!
* * * LOW HITPOINT WARNING * * *
You are splashed with acid!
You die...

## # .# ############# .#
#............ .#############
#.###########
........>....########.# #.....
.###########.#........# #.####
.# #.#.#####..# #.#
.###########.#.#####..######.#
..........(.....@o.........#.#
...†########.#....#..#####.#.#
###.# #.#.#..#..#####.#.# #.#
#......#..##....#.# #.#
#.###..#..##.####.# #.#
#......#........#.# #.#
#.#..........##.#.# #.#
#.###..#........#.# #.# #.#
#..#....#####.#


You could see an orc warrior.

Vanquished Creatures
  Pikel (D:5)
  An ugly thing (D:10)
  An ice statue (D:9)
  A rime drake (shapeshifter) (D:10)
  A troll (D:9)
  A hornet (D:9)
  Prince Ribbit (D:9)
  4 hippogriffs
  Grum (D:9)
  A hungry ghost (D:8)
  Menkaure (D:6)
  Duvessa (D:5)
  Purgy (D:3)
  A black bear (D:8)
  2 ice beasts (D:6)
  2 orc warriors (D:6)
  A sky beast (D:9)
  A necrophage (D:8)
  6 ogres
  4 centaurs
  3 wolves (D:9)
  2 big kobolds
  2 bullfrogs (D:6)
  2 gnoll sergeants (D:9)
  Dowan (D:5)
  5 wights
  6 howler monkeys
  4 crimson imps
  3 quasits
  4 orc priests
  2 jellies
  Crazy Yiuf (D:5)
  4 hounds
  8 orc wizards
  A gnoll shaman (D:4)
  2 iguanas
  Ijyb (D:3)
  Terence (D:3)
  7 worker ants
  Natasha (thrice) (D:3)
  2 killer bee zombies
  A hound zombie (D:9)
  A worker ant zombie (D:9)
  18 gnolls
  6 adders
  A shadow imp (D:9)
  2 oozes
  3 adder skeletons
  6 worms
  3 dart slugs
  3 leopard geckos
  21 orcs
  8 giant cockroaches
  5 goblins
  8 hobgoblins
  15 jackals
  4 quokkas
  7 bats
  3 frilled lizards
  A giant cockroach zombie (D:3)
  A jackal skeleton (D:6)
  26 kobolds
  A leopard gecko skeleton (D:4)
  6 rats
247 creatures vanquished.

Vanquished Creatures (others)
  A slave (D:5)
  An ogre (D:5)
  A worker ant (D:5)
  A ball python (D:5)
  A frilled lizard (D:5)
  3 fungi (D:5)
8 creatures vanquished.

Grand Total: 255 creatures vanquished

Notes
Turn   | Place    | Note
-------+----------+-------------------------------------------
     0 | D:1      | night the Halfling Hunter began the quest for the Orb.
     0 | D:1      | Reached XP level 1. HP: 14/14 MP: 1/1
    37 | D:1      | Reached skill level 6 in Slings
    88 | D:1      | Reached XP level 2. HP: 19/19 MP: 2/2
   353 | D:1      | Reached skill level 7 in Slings
   353 | D:1      | Reached XP level 3. HP: 24/24 MP: 3/3
  1346 | D:3      | Noticed Natasha
  1360 | D:3      | Killed Natasha
  1360 | D:3      | Reached skill level 8 in Slings
  1360 | D:3      | Reached XP level 4. HP: 19/29 MP: 4/4
  1493 | D:3      | Noticed Ijyb
  1507 | D:3      | Killed Ijyb
  1573 | D:3      | Noticed Natasha
  1580 | D:3      | Killed Natasha
  1580 | D:3      | Reached skill level 9 in Slings
  1580 | D:3      | Reached XP level 5. HP: 21/34 MP: 5/5
  1723 | D:3      | Noticed Natasha
  1727 | D:3      | Killed Natasha
  1757 | D:3      | Noticed Purgy
  1776 | D:3      | Killed Purgy
  1776 | D:3      | Reached skill level 10 in Slings
  1776 | D:3      | Reached XP level 6. HP: 18/39 MP: 6/6
  2226 | D:3      | Noticed Terence
  2239 | D:3      | Killed Terence
  2511 | D:3      | Reached skill level 1 in Short Blades
  2758 | D:4      | Noticed an ogre
  2769 | D:4      | Killed an ogre
  2769 | D:4      | Reached skill level 11 in Slings
  2769 | D:4      | Reached XP level 7. HP: 41/44 MP: 7/7
  3562 | D:4      | Reached XP level 8. HP: 8/51 MP: 8/8
  3852 | D:4      | Reached skill level 12 in Slings
  3920 | D:4      | Found a runed translucent gate.
  3920 | D:4      | Found a runed translucent gate.
  3923 | D:4      | Found a runed translucent gate.
  3923 | D:4      | Noticed markt42's ghost (novice GrFi)
  3923 | D:4      | Noticed Borbor's ghost (novice MiBe)
  4253 | D:4      | Identified the +8 whip "Regemao" {venom, rF- rN+++ Int+6}
  4498 | D:5      | Entered Level 5 of the Dungeon
  4513 | D:5      | Noticed Pikel
  4528 | D:5      | Killed Pikel
  4567 | D:5      | Reached XP level 9. HP: 36/59 MP: 9/9
  4774 | D:5      | Found a sparkling altar of Nemelex Xobeh.
  5241 | D:5      | Noticed Duvessa
  5241 | D:5      | Noticed Dowan
  5249 | D:5      | Killed Duvessa
  5274 | D:5      | Killed Dowan
  5625 | D:5      | Found a runed translucent door.
  5626 | D:5      | Noticed Crazy Yiuf
  5638 | D:5      | Killed Crazy Yiuf
  5761 | D:5      | Found a burning altar of Makhleb.
  5862 | D:6      | Reached skill level 5 in Maces & Flails
  6050 | D:6      | Noticed Menkaure
  6061 | D:6      | Killed Menkaure
  6623 | D:6      | Reached skill level 5 in Fighting
  7525 | D:7      | Found a staircase to the Ecumenical Temple.
  7781 | Temple   | Entered the Ecumenical Temple
  8043 | Temple   | Became a worshipper of Uskayaw the Reveler
  8059 | D:7      | Found a transporter.
  8068 | D:7      | Reached * piety under Uskayaw
  8085 | D:7      | Reached ** piety under Uskayaw
  8087 | D:7      | Reached XP level 10. HP: 34/66 MP: 10/10
  8242 | D:7      | Found a transporter.
  8242 | D:7      | Noticed esteth's ghost (novice GnWz)
  8334 | D:7      | Reached *** piety under Uskayaw
  8343 | D:7      | Reached **** piety under Uskayaw
  8820 | D:8      | Reached ***** piety under Uskayaw
  9203 | D:8      | Noticed a wolf spider
  9205 | D:8      | Found a runed translucent gate.
  9205 | D:8      | Found a runed translucent gate.
  9205 | D:8      | Noticed Kairos's ghost (novice VSFi)
  9207 | D:8      | Found a runed translucent gate.
  9419 | D:8      | Found a staircase to the Lair.
  9691 | D:9      | Reached skill level 10 in Maces & Flails
 10293 | D:9      | Noticed Prince Ribbit
 10591 | D:9      | Found Hasikuk's Armour Shoppe.
 10594 | D:9      | Bought a +2 scale mail of fire resistance for 294 gold
                  | pieces
 10640 | D:9      | Reached XP level 11. HP: 68/70 MP: 11/11
 10720 | D:9      | Noticed Grum
 10745 | D:9      | Killed Grum
 10853 | D:9      | Killed Prince Ribbit
 11440 | D:10     | Entered Level 10 of the Dungeon
 11488 | D:10     | Noticed Urug
 11495 | D:10     | Noticed an orc knight
 11809 | D:10     | Noticed a white ugly thing
 11830 | D:10     | Killed a white ugly thing
 11872 | D:10     | Noticed a two-headed ogre
 11899 | D:10     | Identified the ring "Botoase" {rElec Str-4 Int+5 Dex+2
                  | SInv}
 11914 | D:9      | Splashed by an orc warrior's acid

Skill      XL: |  1  2  3  4  5  6  7  8  9 10 11 |
---------------+----------------------------------+-----
Slings         | 6 7 8 9 10 11 12 | 12.0
Short Blades   | 1 3 4 |  4.2
Fighting       | 2 4 5 6 |  6.2
Maces & Flails | 3 7 10 11 | 11.8
Dodging        | |  2.1
Stealth        | |  1.1

Action                   |  1- 3 |  4- 6 |  7- 9 | 10-12 || total
-------------------------+-------+-------+-------+-------++-------
Melee: Short sword       |    53 |    63 |    64 |       ||   180
       Rapier            |       |     3 |     8 |       ||    11
       Whip              |       |       |   130 |   382 ||   512
       Dagger            |       |       |     9 |     1 ||    10
 Fire: Hunting sling     |    89 |   118 |   155 |   103 ||   465
Evoke: Wand              |       |     1 |     1 |     1 ||     3
  Use: Scroll            |     3 |     2 |     5 |     1 ||    11
       Potion            |       |       |     2 |     1 ||     3
 Stab: Distracted        |       |       |     1 |       ||     1
       Paralysed         |       |       |       |    17 ||    17
  Eat: Chunk             |     1 |     5 |    12 |    14 ||    32
       Ration            |       |       |     1 |       ||     1
Armor: Ring mail         |    27 |    38 |    36 |    68 ||   169
       Scale mail        |       |    12 |    46 |    38 ||    96
Dodge: Dodged            |    37 |    99 |   155 |   208 ||   499
